 Dungeon Crawl Stone Soup version 0.29-a0-341-g24ffce5b50 (webtiles) character file.

Game seed: 14016531650991327700

4739 spaghetti the Slinger (level 10, -2/80 HPs)
             Began as a Deep Dwarf Hunter on Apr 20, 2022.
             Was an Initiate of Gozag.
             Slain by a death knight
             ... wielding a +2 broad axe
              (19 damage)
             ... on level 10 of the Dungeon.
             The game lasted 00:23:19 (7356 turns).

spaghetti the Slinger (Deep Dwarf Hunter)           Turns: 7356, Time: 00:23:20

Health: -2/80      AC: 10    Str: 26    XL:     10   Next: 22%
Magic:  5/5        EV: 16    Int:  9    God:    Gozag
Gold:   120        SH:  0    Dex: 18    Spells: 9/9 levels left

rFire   . . .      SeeInvis .   b - +1 trident (vamp) {polearm}
rCold   + . .      Faith    .   (no shield)
rNeg    + . .      Spirit   .   f - +3 leather armour of Hospitality {rC+ rN+ Dex+2}
rPois   .          Reflect  .   k - +0 helmet
rElec   .          Harm     .   (no cloak)
rCorr   .          Rampage  .   (no gloves)
Will    +....                   j - +0 pair of boots
Stlth   ++........              (no amulet)
HPRegen 0.00/turn               q - +4 ring of slaying
MPRegen 0.09/turn               C - +6 ring of strength

@: no status effects
A: damage resistance, heal wounds, sense surroundings 2, no regeneration, wild
magic 1, MP-powered wands
a: Heal Wounds, Renounce Religion, Potion Petition, Call Merchant, Bribe Branch


You were on level 10 of the Dungeon.
You worshipped Gozag.
Gozag was aware of your devotion.
You visited 2 branches of the dungeon, and saw 11 of its levels.

You collected 998 gold pieces.
You spent 58 gold pieces at shops.
You paid 820 gold pieces to Gozag.


Innate Abilities, Weirdness & Mutations

You are resistant to damage.
You can heal yourself by infusing magical energy.
You passively map the area around you.
You do not regenerate.
Your spells are a little harder to cast, but a little more powerful.
You expend magic power (3 MP) to strengthen your wands.


   Skills:
 - Level 1.7 Fighting
 + Level 6.5 Polearms
 - Level 10.3 Slings
 + Level 8.9 Armour
 - Level 6.9 Dodging
 - Level 1.2 Stealth


You had 9 spell levels left.
You didn't know any spells.
Your spell library contained the following spells:

 Spells                   Type           Power      Damage    Failure   Level
 Apportation              Tloc           0%         N/A       50%         1
 Static Discharge         Conj/Air       0%         N/A       65%         2
 Dazzling Flash           Conj/Hex       0%         N/A       86%         3
 Dispel Undead            Necr           0%         3d6       99%         4
 Iskenderun's Mystic Bla  Conj/Tloc      0%         2d3       99%         4
 Sticky Flame             Conj/Fire      0%         2d3       99%         4
 Alistair's Intoxication  Tmut/Pois      0%         N/A       100%        5
 Starburst                Conj/Fire      0%         6d3       100%        6

Inventory:

Hand Weapons
 a - a +1 hunting sling {sling}
 b - a +1 vampiric trident (weapon) {polearm}
   (You took it off an orc on level 8 of the Dungeon)
 e - a +0 short sword of holy wrath {short}
   (You took it off a kobold on level 1 of the Dungeon)
 h - a +3 dagger {short}
   (You took it off an orc wizard on level 4 of the Dungeon)
 o - a +2 halberd of freezing {polearm}
   (You took it off a gnoll on level 5 of the Dungeon)
 z - a +3 whip {mace}
   (You took it off an orc on level 4 of the Dungeon)
 D - a +0 dagger of speed {short}
   (You took it off an orc priest on level 5 of the Dungeon)
 F - a +2 dagger of speed {short}
   (You took it off an orc on level 5 of the Dungeon)
 H - a +2 vorpal halberd {polearm}
   (You found it on level 4 of the Dungeon)
 J - a +0 spear of distortion {!wpolearm}
   (You took it off a gnoll on level 6 of the Dungeon)
 L - a +1 dagger of speed {short}
   (You found it on level 6 of the Dungeon)
 N - a +1 short sword of venom {short}
   (You took it off a kobold on level 8 of the Dungeon)
 O - a +2 short sword of speed {short}
   (You took it off an orc on level 5 of the Dungeon)
 P - a +1 halberd of freezing {polearm}
   (You took it off a gnoll on level 8 of the Dungeon)
 R - a +0 longbow of flaming {bow}
   (You found it on level 8 of the Dungeon)
Missiles
 d - 176 stones (quivered) {throwing}
 l - 22 poisoned darts {throwing}
 m - 4 datura-tipped darts {throwing}
 w - 3 boomerangs {throwing}
 K - a throwing net {=f!fthrowing}
 Q - 3 atropa-tipped darts {throwing}
Armour
 f - the +3 leather armour of Hospitality (worn) {rC+ rN+ Dex+2}
   (You found it on level 10 of the Dungeon)

   Dex:       It affects your dexterity (+2).
   rC:        It protects you from cold.
   rN:        It protects you from negative energy.
 j - a +0 pair of boots (worn)
   (You found it on level 2 of the Dungeon)
 k - a +0 helmet (worn)
   (You bought it in a shop on level 1 of the Dungeon)
 v - a +0 leather armour
Magical Staves
 r - a staff of poison {!astaff}
   (You found it on level 4 of the Dungeon)
 t - a staff of air {!astaff}
   (You found it on level 4 of the Dungeon)
Jewellery
 q - a +4 ring of slaying (left hand)
   (You found it on level 3 of the Dungeon)
 u - a ring of magical power
   (You found it on level 6 of the Dungeon)
 A - a ring of poison resistance
   (You found it on level 4 of the Dungeon)
 C - a +6 ring of strength (right hand)
   (You found it on level 4 of the Dungeon)
Wands
 p - a wand of iceblast (6)
   (You found it on level 6 of the Dungeon)
 s - a wand of flame (5)
   (You took it off a gnoll on level 8 of the Dungeon)
 G - a wand of charming (2)
   (You took it off an orc on level 5 of the Dungeon)
 I - a wand of polymorph (9)
   (You found it on level 5 of the Dungeon)
 S - a wand of paralysis (4)
   (You found it on level 9 of the Dungeon)
Scrolls
 c - 2 scrolls of immolation {!r!r}
 i - 2 scrolls of torment {!r}
 n - a scroll of magic mapping {!r}
 x - a scroll of fog
 y - 2 scrolls of identify {@r1}
 E - 3 scrolls of noise {!r}
 M - 2 scrolls of vulnerability {!r!r}
Potions
 B - 2 potions of brilliance

Dungeon Overview and Level Annotations

Branches:
Dungeon (10/15)            Temple (1/1) D:7            Lair (0/6) D:10
    Orc: D:9-12

Altars:
Cheibriados
Dithmenos
Fedhas
Gozag
Hepliaklqana
Makhleb
Nemelex Xobeh
Okawaru
Qazlal
Ru
Sif Muna
Trog
Uskayaw
Vehumet
Wu Jian
Xom
Yredelemnul
Zin
The Shining One

Shops:
D:1 !*[   D:4 (

Annotations:
D:4 4 runed translucent doors
D:6 exclusion: ogre
D:10 exclusion: 2 electric eels

################################
#...............................
#...................####......##
#..........###......# #......##
#..........# #......# #......##
#..........# #.W....####......##
#..........###................##
#.............p@................
#.......######################..
#.....<.#....................#..
#.......#....................#..
#.......#....................#..
#.......#....................'..
#.......#....................#..
#.......#....................#..
#.......#........##....##....#..


You could see a death knight and a freezing wraith.


Message History

There is an open door here.
f - the +3 leather armour of Hospitality {rC+ rN+ Dex+2} You start removing your armour.
You continue taking off your +0 leather armour. x4
You finish taking off your +0 leather armour.
You start putting on your armour.
You continue putting on the +3 leather armour of Hospitality {rC+ rN+ Dex+2}. x5
You finish putting on the +3 leather armour of Hospitality {rC+ rN+ Dex+2}.
You feel agile.
You start putting on your armour.
You continue putting on your +0 helmet. x4
You finish putting on your +0 helmet.
Search for what [Enter for "weapon", or ? for help]? armour Search for what [Enter for "armour", or ? for help]?
A death knight comes into view. It is wielding a +2 broad axe.
You feel the dreadful sensation subside.
a - a +1 hunting sling (weapon)
{sling}
Aiming: Paralyse
Press: ? - help, Shift-Dir - straight line, f - death knight
Aim: a death knight, wielding a +2 broad axe, wearing a +0 chain mail and wearing a +6 ring of dexterity (wandering, hasn't noticed you, chance to affect: 9%)
Okay, then.
Aiming: Charm
Press: ? - help, Shift-Dir - straight line, f - death knight
Aim: a death knight, wielding a +2 broad axe, wearing a +0 chain mail and wearing a +6 ring of dexterity (wandering, hasn't noticed you, chance to affect: 9%)
Okay, then.
Okay, then.
Okay, then.
You feel much better. 😮 HP[+25]
You regained 25 hp, and now have 46/80 hp.
You feel much better. 😕 HP[+18]
You regained 18 hp, and now have 64/80 hp.
Fire: a) +1 hunting sling {sling}
Press: ? - help, Q - select action, (/) - cycle Shift-Dir - straight line, f - death knight
Aim: a death knight, wielding a +2 broad axe, wearing a +0 chain mail and wearing a +6 ring of dexterity (69% to hit)
You shoot a sling bullet.
The sling bullet completely misses the death knight.
The death knight offers itself to Yredelemnul, and fills with unholy energy.
You feel a sense of dread.
b - a +1 vampiric trident (weapon)
{polearm}
Okay, then.
You feel much better. 😎 HP[+16]
Your hp is fully restored (80).
Reach: b) +1 trident (vamp) {polearm}
Press: ? - help, Dir - move target, f/p - death knight
Aim: a death knight, wielding a +2 broad axe, wearing a +0 chain mail and wearing a +6 ring of dexterity (reflecting injuries, about 32% to evade your +1 vampiric trident)
You reach to attack!
You puncture the death knight!
The death knight reflects your damage back at you! 😕 HP[-3]
You take 3 damage, and now have 77/80 hp.
You hit the death knight.
You feel better.
The death knight reflects your damage back at you!
The death knight closely misses you. 😕 HP[+2]
You regained 2 hp, and now have 79/80 hp.
You barely miss the death knight.
The death knight hits you with a +2 broad axe! 😕 HP[-11]
You take 11 damage, and now have 68/80 hp.
You closely miss the death knight. The death knight misses you.
You puncture the death knight!
You feel better.
The death knight reflects your damage back at you!
The death knight's dark mirror aura disappears.
The death knight hits you with a +2 broad axe!! 😮 HP[-17]
You take 17 damage, and now have 51/80 hp.
MASSIVE DAMAGE!! (PAUSE)
You puncture the death knight!
The death knight hits you with a +2 broad axe! 😮 HP[-7]
You take 7 damage, and now have 44/80 hp.
You puncture the death knight!
You feel better.
The death knight hits you with a +2 broad axe. 😮 HP[+3]
You regained 3 hp, and now have 47/80 hp.
You barely miss the death knight.
A freezing wraith comes into view.
The death knight hits you with a +2 broad axe! 😮 HP[-6]
You take 6 damage, and now have 41/80 hp.
You puncture the death knight!
You feel better.
The death knight hits you with a +2 broad axe.
* * * LOW HITPOINT WARNING * * *
😨 HP[-1]
You take 1 damage, and now have 40/80 hp.
You hit the death knight.
You feel better.
The death knight hits you with a +2 broad axe!!
* * * LOW HITPOINT WARNING * * *
😨 HP[-16]
You take 16 damage, and now have 24/80 hp.
You feel much better.
The death knight hits you with a +2 broad axe!!
* * * LOW HITPOINT WARNING * * *
😱 HP[-7]
You take 7 damage, and now have 17/80 hp.
You fail to use your ability.
The death knight hits you with a +2 broad axe!!
You die...
Your body crumbles into a pile of gold.

Skill      XL: |  1  2  3  4  5  6  7  8  9 |
---------------+----------------------------+-----
Slings         | 5 6 7 8 10 | 10.3
Armour         | 1 2 3 4 6 8 |  8.9
Dodging        | 3 4 5 6 |  6.9
Polearms       | 6 |  6.5
Fighting       | |  1.7
Stealth        | |  1.2

Action                   |  1- 3 |  4- 6 |  7- 9 | 10-12 || total
-------------------------+-------+-------+-------+-------++-------
Melee: Halberd           |       |       |    18 |       ||    18
       Short sword       |       |       |    92 |       ||    92
       Headbutt          |       |       |     2 |       ||     2
       Trident           |       |       |   119 |    67 ||   186
 Fire: Hunting sling     |    80 |   127 |   210 |     2 ||   419
Throw: Dart              |       |       |     5 |       ||     5
       Stone             |       |       |     2 |    10 ||    12
Invok: Potion Petition   |       |       |       |     1 ||     1
 Abil: Heal Wounds       |       |       |    13 |     6 ||    19
Evoke: Wand              |       |       |     7 |       ||     7
  Use: Scroll            |       |     8 |    10 |     1 ||    19
       Potion            |       |     3 |    12 |       ||    15
 Stab: Distracted        |       |       |     2 |       ||     2
       Sleeping          |       |       |     2 |       ||     2
Armor: Leather armour    |     5 |    18 |    43 |    10 ||    76
       Skin              |       |     9 |     2 |       ||    11
Dodge: Dodged            |    13 |    43 |   218 |    44 ||   318

Levels and vault maps discovered:
D:1:      dpeg_cavernosity, layout_basic, serial_shops, nicolae_shop_crystal,
          nicolae_diamond_shop, shop, shop,
          shapermc_ecumenical_altar_mp_urbaneastern
D:2:      layout_loops_corners, minmay_pentomino_u4
D:3:      layout_basic, dreamdust_princess_bridge
D:4:      minmay_general_purpose_star, layout_rooms, serial_shops,
          nicolae_shop_bloodbath_and_beyond, minmay_hollow_rounded_squares
D:5:      layout_cave_pods, mainiacjoe_overflow_swirl, nicolae_fountain_basement
D:6:      layout_basic
D:7:      layout_basic, mainiacjoe_overflow_surrounded_room,
          minmay_temple_entry_ruins
D:8:      layout_cave_pools, serial_gnoll_camp, gnoll_camp_mini_hut,
          gnoll_camp_mini_house, gnoll_camp_mini_house, gnoll_camp_huts_basic,
          gnoll_camp_mini_house
D:9:      layout_gridville, mainiacjoe_overflow_cross_hatched, serial_shops,
          shop, minmay_quadrilaterals
D:10:     layout_stronghold, erik_lair_island, minmay_orc_keep, uniq_snorg
Temple:   mainiacjoe_temple_coin_purse

Notes
Turn   | Place    | Note
-------+----------+-------------------------------------------
     0 | D:1      | spaghetti the Deep Dwarf Hunter began the quest for the
                  | Orb.
     0 | D:1      | Reached XP level 1. HP: 19/19 MP: 1/1
     0 | D:1      | magus.rc [v1.9.6]
   184 | D:1      | Reached XP level 2. HP: 26/26 MP: 2/2
   228 | D:1      | Found Puviczae's Distillery.
   270 | D:1      | Found Puokh's Assorted Antiques.
   376 | D:1      | Found Honke's Armour Boutique.
   559 | D:2      | Reached skill level 5 in Slings
   812 | D:1      | Bought a +0 helmet for 58 gold pieces
   848 | D:2      | Reached XP level 3. HP: 32/32 MP: 3/3
  1173 | D:2      | Reached skill level 1 in Armour
  1173 | D:2      | Reached skill level 3 in Dodging
  1391 | D:3      | Reached XP level 4. HP: 31/39 MP: 4/4
  1806 | D:4      | Noticed a wyvern
  1806 | D:4      | Found a large runed translucent door.
  1806 | D:4      | Found a large runed translucent door.
  1809 | D:4      | Noticed a bullfrog
  1879 | D:4      | Reached skill level 6 in Slings
  1879 | D:4      | Reached skill level 2 in Armour
  1879 | D:4      | Reached XP level 5. HP: 34/45 MP: 5/5
  1889 | D:4      | Noticed a centaur
  1908 | D:4      | Killed a centaur
  1986 | D:4      | Reached skill level 4 in Dodging
  1997 | D:4      | Found a large runed translucent door.
  1997 | D:4      | Found a large runed translucent door.
  2032 | D:3      | Reached XP level 6. HP: 29/52 MP: 6/6
  2112 | D:4      | Found Sistry's Weapon Boutique.
  2203 | D:4      | Reached skill level 3 in Armour
  2220 | D:4      | Reached skill level 7 in Slings
  2487 | D:4      | Reached XP level 7. HP: 31/58 MP: 7/7
  2509 | D:4      | Reached skill level 4 in Armour
  2516 | D:4      | Reached skill level 8 in Slings
  2516 | D:4      | Reached skill level 5 in Dodging
  2660 | D:5      | Entered Level 5 of the Dungeon
  3181 | D:5      | Gained mutation: You have a pair of small horns on your
                  | head. [potion of mutation]
  3189 | D:5      | Reached XP level 8. HP: 46/66 MP: 8/8
  3267 | D:5      | Found an iron altar of Okawaru.
  3342 | D:5      | Found a glowing golden altar of the Shining One.
  3426 | D:5      | Lost mutation: You have a pair of small horns on your head.
                  | [potion of mutation]
  3426 | D:5      | Gained mutation: You are clumsy. (Dex -2) [potion of
                  | mutation]
  3426 | D:5      | Gained mutation: Your spells are a little harder to cast,
                  | but a little more powerful. [potion of mutation]
  3755 | D:6      | HP: 16/66 [centaur/arrow (12)]
  3756 | D:6      | Reached skill level 9 in Slings
  3756 | D:6      | Reached skill level 5 in Armour
  3882 | D:6      | Reached skill level 6 in Dodging
  4607 | D:7      | You pick up a book of Spectacle and begin reading...
  4607 | D:7      | You add the spells Dazzling Flash, Iskenderun's Mystic
                  | Blast and Starburst to your library.
  4718 | D:7      | Found a staircase to the Ecumenical Temple.
  4780 | D:7      | Reached skill level 10 in Slings
  4781 | D:7      | Found a radiant altar of Vehumet.
  5265 | D:7      | Reached skill level 6 in Armour
  5293 | Temple   | Entered the Ecumenical Temple
  5348 | Temple   | Became a worshipper of Gozag Ym Sagoz the Greedy
  5393 | D:8      | Lost mutation: You are clumsy. (Dex -2) [potion of
                  | mutation]
  5393 | D:8      | Lost mutation: Your spells are a little harder to cast, but
                  | a little more powerful. [potion of mutation]
  5393 | D:8      | Gained mutation: You expend magic power (3 MP) to
                  | strengthen your wands. [potion of mutation]
  5393 | D:8      | Gained mutation: Your spells are a little harder to cast,
                  | but a little more powerful. [potion of mutation]
  5438 | D:8      | HP: 14/66 [gnoll shaman/+0 whip (4)]
  5498 | D:8      | Gained mutation: You passively map the area around you.
                  | [Deep Dwarf growth]
  5498 | D:8      | Reached XP level 9. HP: 34/73 MP: 8/8
  5612 | D:8      | Reached skill level 1 in Polearms
  5613 | D:8      | HP: 17/73 [gnoll sergeant/+0 spear (6)]
  5640 | D:8      | Reached skill level 2 in Polearms
  5841 | D:8      | Reached skill level 3 in Polearms
  5897 | D:9      | You pick up a book of Touch and begin reading...
  5897 | D:9      | You add the spells Static Discharge, Sticky Flame and
                  | Dispel Undead to your library.
  6029 | D:9      | Noticed a troll
  6039 | D:9      | HP: 12/73 [troll (23)]
  6048 | D:8      | HP: 11/73 [wight/+0 great sword (16)]
  6050 | D:8      | Reached skill level 4 in Polearms
  6111 | D:8      | Reached skill level 7 in Armour
  6377 | D:8      | Reached skill level 5 in Polearms
  6753 | D:10     | Entered Level 10 of the Dungeon
  6828 | D:10     | Noticed a phantasmal warrior
  6832 | D:10     | Reached skill level 8 in Armour
  6863 | D:10     | Noticed Snorg
  6907 | D:10     | Killed Snorg
  6908 | D:10     | Reached skill level 6 in Polearms
  6908 | D:10     | Reached XP level 10. HP: 34/80 MP: 6/6
  6994 | D:10     | Noticed a two-headed ogre
  7005 | D:10     | HP: 20/80 [hound (1)]
  7087 | D:10     | HP: 18/80 [orc warrior/+0 dire flail (9)]
  7128 | D:10     | You pick up a book of Party Tricks and begin reading...
  7128 | D:10     | You add the spells Apportation and Alistair's Intoxication
                  | to your library.
  7294 | D:10     | Identified the +3 leather armour of Hospitality {rC+ rN+
                  | Dex+2}
  7338 | D:10     | Noticed a death knight
  7355 | D:10     | HP: 17/80 [death knight/+2 broad axe (22)]
  7356 | D:10     | Slain by a death knight

Vanquished Creatures
  Snorg (D:10)
  A wraith (D:10)
  A water moccasin (D:5)
  An orc warrior (D:10)
  A black bear (D:4)
  An ogre (D:6)
  5 centaurs
  A wolf (D:10)
  3 phantoms
  3 bullfrogs
  A kobold brigand (D:8)
  5 gnoll sergeants (D:8)
  2 scorpions
  7 wights (D:8)
  3 electric eels (D:10)
  2 howler monkeys
  3 orc priests
  A jelly (D:6)
  4 gnoll shamans
  10 hounds
  4 iguanas
  10 orc wizards
  16 gnolls
  11 adders
  A white imp (D:5)
  An ufetubus (D:5)
  2 worms
  5 dart slugs
  28 orcs
  3 bats (D:1)
  4 endoplasms
  5 giant cockroaches
  10 goblins
  5 hobgoblins
  7 jackals
  6 quokkas
  7 ball pythons
  2 frilled lizards
  9 kobolds
  2 rats (D:3)
194 creatures vanquished.

Vanquished Creatures (collateral kills)
  An orc warrior (D:10)
  A sky beast (D:8)
  5 wights (D:8)
  3 orc priests
  5 gnolls
  A white imp (D:5)
  3 orcs
19 creatures vanquished.

Vanquished Creatures (others)
  4 fungi (D:1)
  3 plants (D:1)
7 creatures vanquished.

Grand Total: 220 creatures vanquished

Table legend:
 A = Non-vault XP
 B = Vault XP
 C = Vault XP percentage of total XP
 D = Non-vault monster count
 E = Vault monster count
 F = Vault count percentage of total count
                 A         B        C        D         E       F
            +---------+---------+-------+---------+---------+-------
      Total |    4166 |    2604 |  38.5 |     150 |      63 |  29.6
            +---------+---------+-------+---------+---------+-------
        D:1 |      17 |       9 |  34.6 |       9 |       4 |  30.8
        D:2 |      48 |       4 |   7.7 |      12 |       2 |  14.3
        D:3 |     100 |       3 |   2.9 |      20 |       1 |   4.8
        D:4 |     299 |     643 |  68.3 |      23 |      17 |  42.5
        D:5 |     587 |       0 |   0.0 |      28 |       0 |   0.0
        D:6 |     565 |       0 |   0.0 |      12 |       0 |   0.0
        D:7 |     365 |       0 |   0.0 |       7 |       0 |   0.0
        D:8 |    1286 |     914 |  41.5 |      26 |      27 |  50.9
        D:9 |     293 |       0 |   0.0 |       5 |       0 |   0.0
       D:10 |     606 |    1031 |  63.0 |       8 |      12 |  60.0
            +---------+---------+-------+---------+---------+-------

Illustrated notes

Table legend:
 A = Kills in this place as a percentage of kills in entire the game.
 B = Kills by you in this place as a percentage of kills by you in the entire game.
 C = Kills by friends in this place as a percentage of kills by friends in the entire game.
 D = Other kills in this place as a percentage of other kills in the entire game.
 E = Experience gained in this place as a percentage of experience gained in the entire game.
 F = Experience gained in this place divided by the number of levels of this place that you have seen.
                   A       B       C       D       E      F
               +-------+-------+-------+-------+-------+----------------------
         Total | 100.0 | 100.0 | 100.0 |   N/A | 100.0 | 615.5
       Dungeon | 100.0 | 100.0 | 100.0 |   N/A | 100.0 | 677.0
               +-------+-------+-------+-------+-------+----------------------

Table legend: (Time is in decaauts)
 A = Elapsed time spent in this place.
 B = Non-inter-level travel time spent in this place.
 C = Inter-level travel time spent in this place.
 D = Time resting spent in this place.
 E = Time spent auto-exploring this place.
 F = Levels seen in this place.
 G = Mean time per level.
                   A        B        C        D        E       F      G
               +--------+--------+--------+--------+--------+-----+--------+
         Total |   7369 |   6948 |    421 |    245 |   5121 |  11 |  669.9 |
       Dungeon |   7301 |   6892 |    409 |    245 |   5084 |  10 |  730.1 |
        Temple |     67 |     55 |     12 |      0 |     37 |   1 |   67.0 |
               +--------+--------+--------+--------+--------+-----+--------+

Top non-repeatable levels by time:
     D:8: 1172 daAuts
     D:5: 1017 daAuts
     D:6: 866 daAuts
     D:4: 839 daAuts
     D:7: 723 daAuts
     D:1: 648 daAuts
     D:2: 621 daAuts
     D:3: 615 daAuts
    D:10: 588 daAuts
     D:9: 210 daAuts
  Temple: 67 daAuts
